 Dungeon Crawl Stone Soup version 0.31-a0-175-g9f7f995f2b (webtiles) character file.

Game seed: 16716978753712477144

1151 qw the Skirmisher (level 8, -1/74 HPs)
             Began as a Naga Hunter on June 17, 2023.
             Slain by a steam dragon (3 damage)
             ... on level 6 of the Dungeon.
             The game lasted 00:01:04 (3388 turns).

qw the Skirmisher (Naga Hunter)                     Turns: 3388, Time: 00:01:04

Health: -1/74      AC:  5    Str: 13    XL:     8   Next: 38%
Magic:  8/8        EV: 10    Int: 10    God:
Gold:   288        SH:  5    Dex: 17    Spells: 7/7 levels left

rFire   . . .        Y - +6 longbow (elec)
rCold   . . .        (shield currently unavailable)
rNeg    + . .        i - +1 robe {rN+}
rPois   +            (no helmet)
rElec   .            e - +0 cloak
rCorr   .            (no gloves)
SInv    +            (no barding)
Will    +....        j - amulet of reflection
Stlth   ++           (no ring)
HPRegen 0.32/turn    (no ring)
MPRegen 0.11/turn

%: reflection
@: about to teleport, short of breath, very slow
A: AC +2, large, see invisible, deformed body, poison resistance, slowness 2,
spit poison 1, naga tail 1
a: Spit Poison


You were on level 6 of the Dungeon.
You visited 1 branch of the dungeon, and saw 6 of its levels.

You collected 288 gold pieces.


Innate Abilities, Weirdness & Mutations

Your serpentine skin is tough. (AC +2)
You have supernaturally acute eyesight. (SInv)
Armour fits poorly on your strangely shaped body.
Your system is resistant to poisons. (rPois)
You cover ground very slowly.
You can spit poison.
You have a snake-like lower body.


   Skills:
 - Level 5.1 Fighting
 + Level 8.4 Ranged Weapons
 - Level 2.2 Dodging
 - Level 1.5 Stealth


You had 7 spell levels left.
You didn't know any spells.
Your spell library was empty.

Inventory:

Hand Weapons
 Y - a +6 longbow of electrocution (weapon)
Armour
 e - a +0 cloak (worn)
 i - a +1 robe of positive energy (worn)
Jewellery
 c - a ring of ice
 j - an amulet of reflection (around neck)
Scrolls
 b - a scroll of identify
Potions
 d - a potion of brilliance {unknown}
 f - a potion of enlightenment {unknown}
 g - a potion of degeneration {unknown}
 h - a potion of magic {unknown}

Dungeon Overview and Level Annotations

Branches:
Dungeon (6/15)
 Temple: D:4-7

Altars:
Ru
Xom
The Shining One

Shops:
D:5 :

Annotations:
D:2 1 runed translucent door, Crazy Yiuf


Message History

The ball of steam hits you!
3381 ||| Stepping ~*~*~tactically~*~*~ (cloud).
You feel sick.
You start resting.
You have got your breath back.
You feel sick. x2
You are no longer poisoned.
A steam dragon is nearby!
3384 ||| INVOKING Spit Poison.
Aiming: Spit Poison (1% risk of failure)
Press: ? - help, Shift-Dir - straight line, f/p - steam dragon The splash of poison misses the steam dragon.
The steam dragon looks more healthy.
The steam dragon bites you. The steam dragon misses you.
You shoot an arrow.
The arrow barely misses the steam dragon.
The steam dragon bites you.
The steam dragon claws you but does no damage.
You block the steam dragon's attack.
The steam dragon claws you but does no damage.
You shoot an arrow.
The arrow hits the steam dragon but does no damage.
The steam dragon is heavily wounded.
You have got your breath back.
The steam dragon bites you! The steam dragon closely misses you.
The steam dragon breathes steam at you. The ball of steam hits you!!
3387 ||| READING scroll of teleportation.
As you read the scroll of teleportation, it crumbles to dust.
You feel strangely unstable.
You feel yourself speed up. The steam dragon bites you.
The steam dragon claws you.
3388 ||| INVOKING Spit Poison.
Aiming: Spit Poison (1% risk of failure)
Press: ? - help, Shift-Dir - straight line, f/p - steam dragon The splash of poison hits the steam dragon but does no damage.
The steam dragon is poisoned.
The steam dragon is heavily wounded.
The steam dragon closely misses you. The steam dragon claws you.
You die...

. #.:. #.#####...
#D#.<#... .)?)#..
)..#.## ¤....
#..# ####D.#
##..@..# #.....##
####...####.
####...........#
##...<.¤...######
#....#######
######


You could see a steam dragon (poisoned, catching breath).

Vanquished Creatures
  Edmund (D:5)
  A water moccasin (D:5)
  A sky beast (D:5)
  An ogre (D:5)
  2 phantoms
  A kobold brigand (D:6)
  2 scorpions
  A jelly (D:5)
  An orc priest (D:5)
  5 hounds
  An iguana (D:5)
  A sleepcap (D:5)
  Jessica (D:2)
  5 adders
  A white imp (D:5)
  An ufetubus (D:4)
  A worm (D:3)
  2 dart slugs
  5 orcs
  9 ball pythons
  7 endoplasms
  5 giant cockroaches
  2 goblins
  6 hobgoblins
  4 quokkas
  A bat (D:1)
  3 frilled lizards
  8 kobolds
  2 rats
81 creatures vanquished.

Notes
Turn   | Place    | Note
-------+----------+-------------------------------------------
     0 | D:1      | qw the Naga Hunter began the quest for the Orb.
     0 | D:1      | Reached XP level 1. HP: 19/19 MP: 1/1
     0 | D:1      | 0 ||| qw: Version: 0.3-a-2-g5ab2908
     0 | D:1      | 0 ||| qw: Game counter: 263
     0 | D:1      | 0 ||| qw: Always use a shield: true
     0 | D:1      | 0 ||| qw: God list: Okawaru
     0 | D:1      | 0 ||| qw: Allow faded altars: false
     0 | D:1      | 0 ||| qw: Do Orc after D:15 true
     0 | D:1      | 0 ||| qw: Do second Lair branch before Depths: true
     0 | D:1      | 0 ||| qw: Lair rune preference: random
     0 | D:1      | 0 ||| qw: Plans: Normal
     0 | D:1      | 0 ||| PLANNING D:1-11
    40 | D:1      | 40 ||| INVOKING Spit Poison.
    49 | D:1      | 49 ||| INVOKING Spit Poison.
    54 | D:1      | 54 ||| INVOKING Spit Poison.
    65 | D:1      | 65 ||| INVOKING Spit Poison.
    70 | D:1      | 70 ||| INVOKING Spit Poison.
    72 | D:1      | Reached skill level 4 in Ranged Weapons
    72 | D:1      | Reached XP level 2. HP: 17/26 MP: 2/2
   139 | D:1      | 139 ||| INVOKING Spit Poison.
   143 | D:1      | 143 ||| INVOKING Spit Poison.
   252 | D:1      | 252 ||| INVOKING Spit Poison.
   280 | D:1      | 280 ||| INVOKING Spit Poison.
   283 | D:1      | 283 ||| INVOKING Spit Poison.
   320 | D:1      | 320 ||| INVOKING Spit Poison.
   362 | D:1      | 362 ||| INVOKING Spit Poison.
   366 | D:1      | 366 ||| INVOKING Spit Poison.
   431 | D:1      | 431 ||| INVOKING Spit Poison.
   708 | D:1      | 708 ||| READING scroll labelled YMPISOJ WULONA.
   708 | D:1      | Identified a scroll of acquirement
   708 | D:1      | 708 ||| ACQUIRING +5 longbow of electrocution
   708 | D:1      | Acquired a +5 longbow of electrocution
   710 | D:1      | 710 ||| SWAPPING to +5 longbow of electrocution.
   711 | D:1      | 711 ||| DROPPING +0 shortbow.
   712 | D:1      | 712 ||| READING scroll labelled WODICL EDEPA.
   713 | D:1      | 713 ||| READING scroll labelled VINUUL IMEDU.
   714 | D:1      | 714 ||| READING scroll labelled BOCHOAT RUZE.
   715 | D:1      | 715 ||| DROPPING scroll of butterflies.
   768 | D:2      | 768 ||| INVOKING Spit Poison.
   844 | D:2      | 844 ||| INVOKING Spit Poison.
   880 | D:2      | 880 ||| INVOKING Spit Poison.
   884 | D:2      | Reached XP level 3. HP: 32/32 MP: 3/3
   933 | D:2      | Noticed Jessica
   935 | D:2      | 935 ||| INVOKING Spit Poison.
   935 | D:2      | Killed Jessica
   974 | D:2      | Reached skill level 5 in Ranged Weapons
   976 | D:2      | Reached XP level 4. HP: 39/39 MP: 4/4
  1163 | D:2      | Found a runed translucent door.
  1164 | D:2      | Noticed Crazy Yiuf
  1238 | D:2      | 1238 ||| UPGRADING to +0 cloak.
  1243 | D:2      | 1243 ||| UPGRADING to +1 robe of positive energy.
  1253 | D:2      | 1253 ||| DROPPING +0 leather armour.
  1254 | D:2      | 1254 ||| READING scroll labelled XOICRIN HIMPYAT.
  1333 | D:3      | 1333 ||| INVOKING Spit Poison.
  1363 | D:3      | 1363 ||| INVOKING Spit Poison.
  1408 | D:3      | 1408 ||| INVOKING Spit Poison.
  1412 | D:3      | Reached skill level 3 in Fighting
  1431 | D:3      | Reached XP level 5. HP: 49/49 MP: 5/5
  1449 | D:3      | 1449 ||| INVOKING Spit Poison.
  1451 | D:3      | Found a faded altar of an unknown god.
  1452 | D:3      | 1452 ||| INVOKING Spit Poison.
  1460 | D:3      | 1460 ||| INVOKING Spit Poison.
  1651 | D:3      | 1651 ||| UPGRADING to amulet of reflection.
  1656 | D:3      | 1656 ||| READING scroll labelled ZAVOBUPSIC.
  1657 | D:3      | 1657 ||| READING scroll labelled KIORGH XAMUR.
  1732 | D:3      | 1732 ||| READING scroll labelled VOXITU KERPH.
  1753 | D:4      | 1753 ||| INVOKING Spit Poison.
  1858 | D:4      | 1858 ||| INVOKING Spit Poison.
  1881 | D:4      | 1881 ||| INVOKING Spit Poison.
  1918 | D:4      | 1918 ||| INVOKING Spit Poison.
  1931 | D:4      | 1931 ||| INVOKING Spit Poison.
  1937 | D:4      | 1937 ||| INVOKING Spit Poison.
  2014 | D:4      | Noticed a phantom
  2017 | D:4      | Reached skill level 6 in Ranged Weapons
  2017 | D:4      | Killed a phantom
  2018 | D:4      | Reached XP level 6. HP: 57/57 MP: 6/6
  2191 | D:4      | 2191 ||| INVOKING Spit Poison.
  2219 | D:4      | 2219 ||| INVOKING Spit Poison.
  2223 | D:4      | 2223 ||| INVOKING Spit Poison.
  2233 | D:4      | 2233 ||| INVOKING Spit Poison.
  2278 | D:4      | 2278 ||| INVOKING Spit Poison.
  2348 | D:4      | 2348 ||| INVOKING Spit Poison.
  2395 | D:4      | 2395 ||| INVOKING Spit Poison.
  2513 | D:4      | 2513 ||| READING scroll labelled LAQODO DITAJA.
  2514 | D:4      | 2514 ||| READING scroll labelled DIHEBA WIEGU.
  2575 | D:5      | Entered Level 5 of the Dungeon
  2580 | D:5      | Noticed a sky beast
  2581 | D:5      | 2581 ||| INVOKING Spit Poison.
  2584 | D:5      | Reached XP level 7. HP: 51/64 MP: 7/7
  2586 | D:5      | 2586 ||| INVOKING Spit Poison.
  2589 | D:5      | 2589 ||| INVOKING Spit Poison.
  2721 | D:5      | 2721 ||| INVOKING Spit Poison.
  2736 | D:5      | Found a glowing golden altar of the Shining One.
  2738 | D:5      | Noticed Edmund
  2739 | D:5      | 2739 ||| INVOKING Spit Poison.
  2743 | D:5      | 2743 ||| INVOKING Spit Poison.
  2746 | D:5      | 2746 ||| INVOKING Spit Poison.
  2746 | D:5      | Killed Edmund
  2747 | D:5      | Reached skill level 7 in Ranged Weapons
  2761 | D:5      | 2761 ||| INVOKING Spit Poison.
  2878 | D:5      | 2878 ||| INVOKING Spit Poison.
  2915 | D:5      | Reached skill level 8 in Ranged Weapons
  2915 | D:5      | Reached XP level 8. HP: 72/72 MP: 8/8
  2982 | D:5      | 2982 ||| INVOKING Spit Poison.
  3200 | D:5      | Found Miudainu's Tiny Tomes.
  3296 | D:5      | Found a sacrificial altar of Ru.
  3326 | D:5      | Found a shimmering altar of Xom.
  3336 | D:5      | 3336 ||| READING 2 scrolls labelled SYERATHR XURE.
  3340 | D:5      | 3340 ||| READING 2 scrolls of identify.
  3340 | D:5      | 3340 ||| IDENTIFYING ruby potion
  3341 | D:5      | 3341 ||| DROPPING potion of attraction.
  3372 | D:6      | 3372 ||| INVOKING Spit Poison.
  3376 | D:6      | 3376 ||| INVOKING Spit Poison.
  3380 | D:6      | 3380 ||| INVOKING Spit Poison.
  3381 | D:6      | 3381 ||| Stepping ~*~*~tactically~*~*~ (cloud).
  3384 | D:6      | 3384 ||| INVOKING Spit Poison.
  3386 | D:6      | HP: 8/74 [steam dragon/ball of steam (19)]
  3387 | D:6      | 3387 ||| READING scroll of teleportation.
  3387 | D:6      | HP: 2/74 [steam dragon (2)]
  3388 | D:6      | 3388 ||| INVOKING Spit Poison.
  3388 | D:6      | Slain by a steam dragon

Levels and vault maps discovered:
D:1:      evilmike_arrival_plus, layout_loops_ring
D:2:      layout_basic, uniq_jessica, uniq_crazy_yiuf_cottage
D:3:      layout_rooms, serial_glass, glass_columns_c, glass_columns_b,
          nicolae_ecumenical_snake_handling
D:4:      kb_forest_paths, layout_basic
D:5:      layout_rooms, mainiacjoe_overflow_chevrons,
          mainiacjoe_overflow_two_lobes, nicolae_shop_i_like_small_books_too,
          uniq_edmund
D:6:      cheibrodos_helix_gallery, layout_rooms, chei_slow_surprise,
          chequers_temple_overflow_minitemple, minmay_temple_entry_mist

Skill      XL: |  1  2  3  4  5  6  7  8 |
---------------+-------------------------+-----
Ranged Weapons | 4 5 6 8 |  8.4
Fighting       | 3 4 5 |  5.1
Dodging        | 2 |  2.2
Stealth        | |  1.5

Action                     |  1- 3 |  4- 6 |  7- 9 || total
---------------------------+-------+-------+-------++-------
   Fire: Shortbow          |    31 |       |       ||    31
         Longbow           |     9 |    60 |    43 ||   112
Ability: Spit Poison       |    18 |    20 |    14 ||    52
    Use: Scroll            |     4 |     6 |     3 ||    13
 Armour: Leather armour    |     2 |       |       ||     2
         Robe              |       |    11 |     3 ||    14
  Dodge: Dodged            |     3 |    14 |     4 ||    21
  Block: Other             |       |    14 |     2 ||    16

Table legend:
 A = Non-vault XP
 B = Vault XP
 C = Vault XP percentage of total XP
 D = Non-vault monster count
 E = Vault monster count
 F = Vault count percentage of total count
                 A         B        C        D         E       F
            +---------+---------+-------+---------+---------+-------
      Total |    1349 |     296 |  18.0 |      68 |      13 |  16.0
            +---------+---------+-------+---------+---------+-------
        D:1 |      24 |       0 |   0.0 |      14 |       0 |   0.0
        D:2 |      21 |      37 |  63.8 |       6 |       1 |  14.3
        D:3 |     102 |       9 |   8.1 |      12 |       5 |  29.4
        D:4 |     279 |      93 |  25.0 |      15 |       6 |  28.6
        D:5 |     822 |     157 |  16.0 |      16 |       1 |   5.9
        D:6 |     101 |       0 |   0.0 |       5 |       0 |   0.0
            +---------+---------+-------+---------+---------+-------
